 Dungeon Crawl Stone Soup version 0.28-a0-724-g66f9036eb4 (webtiles) character file.

Game seed: 14144675841547460746

7651 ytrimaz the Protected (level 11, -7/87 HPs)
             Began as a Formicid Fighter on Oct 26, 2021.
             Was an Initiate of Okawaru.
             Mangled by a two-headed ogre (16 damage)
             ... on level 9 of the Dungeon.
             The game lasted 00:15:15 (9355 turns).

ytrimaz the Protected (Formicid Fighter)            Turns: 9355, Time: 00:15:16

Health: -7/87      AC: 11    Str: 23    XL:     11   Next: 41%
Magic:  16/16      EV: 10    Int: 13    God:    Okawaru [......]
Gold:   384        SH:  4    Dex: 10    Spells: 10/10 levels left

rFire   . . .      SeeInvis +   a - +1 war axe (drain)
rCold   . . .      Faith    .   c - +0 buckler
rNeg    . . .      Spirit   .   b - +0 scale mail
rPois   .          Reflect  .   (helmet unavailable)
rElec   .          Harm     .   q - scarf {repulsion}
rCorr   .          Rampage  .   z - +0 pair of gloves "Ugrud" {Int+4}
Will    +....                   s - +0 pair of boots
Stlth   ..........              (no amulet)
HPRegen 0.24/turn               (no ring)
MPRegen 0.15/turn               (no ring)

@: repel missiles
A: permanent stasis, dig shafts and tunnels, antennae 3, four strong arms, low
mp 1
a: Dig, Shaft Self, Renounce Religion


You were on level 9 of the Dungeon.
You worshipped Okawaru.
Okawaru was noncommittal.
You visited 2 branches of the dungeon, and saw 10 of its levels.
You also visited: Sewer.

You collected 384 gold pieces.

Inventory:

Hand Weapons
 a - a +1 war axe of draining (weapon)
 h - a +1 dagger of holy wrath
 r - a +1 hand axe of flaming
 t - a +0 broad axe
 u - a +4 hand axe
Missiles
 w - a throwing net (quivered)
Armour
 b - a +0 scale mail (worn)
 c - a +0 buckler (worn)
 q - a scarf of repulsion (worn)
 s - a +0 pair of boots (worn)
 z - the +0 pair of gloves "Ugrud" (worn) {Int+4}
   (You found it on level 7 of the Dungeon)

   Int:       It affects your intelligence (+4).
Wands
 l - a wand of paralysis (6)
 x - a wand of flame (24)
 y - a wand of iceblast (7)
Scrolls
 d - a scroll of fear {unknown}
 e - a scroll of enchant weapon
 i - 2 scrolls of magic mapping
 k - a scroll of amnesia
Potions
 f - a potion of mutation
 g - a potion of lignification
 m - 3 potions of brilliance
 n - 3 potions of magic
 v - a potion of flight {unknown}


   Skills:
 + Level 8.9 Fighting
 - Level 0.1 Long Blades
 - Level 2.4(5.2) Axes
 * Level 7.3(7.5) Maces & Flails
 + Level 10.3 Armour
 - Level 3.8 Shields
 * Level 9.0 Invocations
 * Level 8.1 Evocations


You had 10 spell levels left.
You didn't know any spells.
Your spell library contained the following spells:

 Spells                   Type           Power      Damage    Failure   Level
 Pain                     Necr           0%         1d4       54%         1
 Shock                    Conj/Air       0%         1d3       54%         1
 Ensorcelled Hibernation  Hex/Ice        0%         N/A       69%         2
 Slow                     Hex            0%         N/A       69%         2
 Static Discharge         Conj/Air       0%         N/A       69%         2
 Confusing Touch          Hex            0%         N/A       89%         3
 Ozocubu's Armour         Ice            0%         N/A       89%         3
 Portal Projectile        Hex/Tloc       0%         N/A       89%         3
 Spider Form              Tmut/Pois      0%         N/A       89%         3
 Vampiric Draining        Necr           0%         2d6       89%         3
 Airstrike                Air            0%         N/A       100%        4
 Dispel Undead            Necr           0%         3d6       100%        4
 Leda's Liquefaction      Hex/Erth       0%         N/A       100%        4
 Sticky Flame             Conj/Fire      0%         2d3       100%        4
 Agony                    Necr           0%         N/A       100%        5
 Excruciating Wounds      Necr           0%         N/A       100%        5
 Metabolic Englaciation   Hex/Ice        0%         N/A       100%        5
 Call Canine Familiar     Summ           Unusable   N/A       N/A         3
 Swiftness                Air            Unusable   N/A       N/A         3
 Simulacrum               Ice/Necr       Unusable   N/A       N/A         6

Dungeon Overview and Level Annotations

Branches:
Dungeon (9/15)             Temple (1/1) D:7            Lair (0/6) D:8
  Sewer (visited)
    Orc: D:9-12

Altars:
Ashenzari
Cheibriados
Dithmenos
Elyvilon
Fedhas
Gozag
Hepliaklqana
Kikubaaqudgha
Makhleb
Nemelex Xobeh
Okawaru
Qazlal
Ru
Sif Muna
Trog
Uskayaw
Vehumet
Wu Jian
Yredelemnul
The Shining One

Annotations:
D:4 3 runed translucent doors, abrahamlauer's ghost, weakling SpDe


Innate Abilities, Weirdness & Mutations

You cannot be hasted, slowed, berserked, paralysed or teleported.
You can dig through walls and to a lower floor.
You have a pair of large antennae on your head. (SInv)
Your four strong arms can wield two-handed weapons with a shield.
Your magical capacity is low. (-10% MP)


Message History

The orc wizard shouts!
The orc shouts! x2
Found 15 stones and a runed trident.
The orc wizard casts a spell.
The orc wizard flickers and vanishes for a moment.
You see here a scroll labelled NELUAW EHENEED.
Really walk into that dispersal trap?
You enter a dispersal trap!
The two-headed ogre blinks!
The orc blinks! x2
You feel a strange sense of stasis.
There is a dispersal trap here.
Unknown command.
The orc barely misses you.
Found a smoky amethyst potion.
The orc hits you but does no damage.
Found a scroll labelled YRICIN PUDIS.
An orc comes into view. It is wielding a +0 whip.
You see here a scroll labelled YRICIN PUDIS.
d - a scroll labelled YRICIN PUDIS The orc hits you but does no damage.
The orc wizard casts a spell at you. You resist with almost no effort.
Found a stone staircase leading up.
There is a stone staircase leading up here.
You climb upwards.
The two-headed ogre shouts in stereo!
The orc priest shouts!
The centaur shouts!
The centaur wields a +0 shortbow.
The centaur shoots an arrow.
The arrow hits you!
The centaur shoots an arrow.
You block the arrow.
There is a stone staircase leading down here.
Unknown command.
The centaur shoots an arrow.
The arrow hits you.
The orc priest looks braver for a moment.
You climb downwards.
The two-headed ogre barely misses you.
The two-headed ogre hits you with a +0 giant club!
* * * LOW HITPOINT WARNING * * *
There is a stone staircase leading up, spattered with blood here.
Unknown command.
The two-headed ogre hits you with a +0 giant club!
* * * LOW HITPOINT WARNING * * *
The two-headed ogre hits you with a +0 giant club!
You die...

...####.........#
.#.#.
#.#.....o.......#
..#..#
.....##...{.{#..####
#. #
#........o{..{.....#
####.#####.####.####
#.# ### #.# #.. #o#
### #<#####.##
#O@.......
##########


You could see a two-headed ogre and an orc.

Vanquished Creatures
  Harold (D:7)
  Grinder (D:6)
  4 yaks
  A steam dragon (D:8)
  A water moccasin (D:6)
  2 sky beasts (D:5)
  2 orc warriors (D:4)
  2 necrophages
  2 ogres
  2 centaurs
  3 bullfrogs
  2 scorpions (D:6)
  A water moccasin skeleton (D:6)
  A killer bee (D:8)
  A bullfrog zombie (D:6)
  3 jellies
  A centaur zombie (D:6)
  3 hounds (D:6)
  6 orc priests
  A bullfrog skeleton (D:5)
  5 orc wizards
  2 iguanas (D:5)
  A killer bee zombie (D:6)
  Robin (D:2)
  8 adders
  A howler monkey skeleton (D:6)
  7 river rats (Sewer)
  2 white imps
  2 worms
  2 dart slugs
  21 orcs
  16 ball pythons
  5 bats (D:3)
  13 endoplasms
  6 giant cockroaches
  4 hobgoblins
  12 jackals
  A quokka (D:5)
  A frilled lizard (D:1)
  14 goblins
  28 kobolds
  23 rats
215 creatures vanquished.

Vanquished Creatures (others)
  10 fungi (D:2)
  4 plants (D:2)
  9 toadstools (D:2)
23 creatures vanquished.

Grand Total: 238 creatures vanquished

Notes
Turn   | Place    | Note
-------+----------+-------------------------------------------
     0 | D:1      | ytrimaz the Formicid Fighter began the quest for the Orb.
     0 | D:1      | Reached XP level 1. HP: 18/18 MP: 1/1
   529 | D:1      | Reached XP level 2. HP: 24/24 MP: 2/2
   936 | D:2      | Noticed Robin
   961 | D:1      | Reached XP level 3. HP: 19/29 MP: 3/3
  1230 | D:2      | Killed Robin
  1231 | D:2      | Reached skill level 1 in Invocations
  1414 | D:2      | Found a faded altar of an unknown god.
  1424 | D:2      | Reached XP level 4. HP: 33/36 MP: 4/4
  1426 | D:2      | Reached skill level 1 in Evocations
  1538 | D:2      | Reached skill level 4 in Armour
  1768 | D:2      | Reached XP level 5. HP: 19/42 MP: 6/6
  1775 | D:2      | Reached skill level 1 in Maces & Flails
  1817 | D:2      | You fall into a shaft and drop 2 floors!
  1817 | D:4      | Found a glowing drain.
  1964 | Sewer    | Entered a sewer
  2417 | Sewer    | Reached XP level 6. HP: 40/48 MP: 7/7
  3108 | D:3      | Found a sparkling altar of Nemelex Xobeh.
  3834 | D:3      | Found a faded altar of an unknown god.
  3834 | D:3      | Found a blossoming altar of Fedhas.
  3848 | D:3      | Found a faded altar of an unknown god.
  3850 | D:3      | Found a hazy altar of Hepliaklqana.
  3852 | D:3      | Found a bloodstained altar of Trog.
  3999 | D:4      | Noticed an orc warrior
  4015 | D:4      | Killed an orc warrior
  4016 | D:4      | Reached skill level 5 in Armour
  4016 | D:4      | Reached XP level 7. HP: 34/55 MP: 9/9
  4278 | D:4      | Noticed abrahamlauer's ghost (weakling SpDe)
  4282 | D:4      | Found a runed translucent gate.
  4299 | D:4      | Found a runed translucent gate.
  4299 | D:4      | Found a runed translucent gate.
  4766 | D:4      | Reached skill level 5 in Fighting
  4774 | D:4      | Reached XP level 8. HP: 23/62 MP: 10/10
  5131 | D:4      | Reached skill level 6 in Armour
  5290 | D:5      | Entered Level 5 of the Dungeon
  6012 | D:5      | Reached skill level 7 in Armour
  6451 | D:6      | Reached XP level 9. HP: 45/69 MP: 12/12
  6497 | D:6      | Reached skill level 5 in Invocations
  7163 | D:6      | Noticed Grinder
  7177 | D:6      | Killed Grinder
  7178 | D:6      | Reached skill level 8 in Armour
  7355 | D:6      | Reached skill level 5 in Evocations
  7745 | D:7      | Noticed Harold
  7774 | D:7      | Killed Harold
  7775 | D:7      | Reached XP level 10. HP: 79/79 MP: 14/14
  7811 | D:7      | Reached skill level 9 in Armour
  7923 | D:7      | Found a staircase to the Ecumenical Temple.
  7950 | D:7      | Reached skill level 5 in Maces & Flails
  7966 | Temple   | Entered the Ecumenical Temple
  8329 | Temple   | Became a worshipper of Warmaster Okawaru
  8654 | D:7      | Identified the +0 pair of gloves "Ugrud" {Int+4}
  8686 | D:8      | Noticed a death yak
  8686 | D:8      | Noticed a two-headed ogre
  8686 | D:8      | Found a staircase to the Lair.
  8687 | D:8      | Noticed a death yak
  8688 | D:8      | Noticed a death yak
  8690 | D:8      | You fall into a shaft and drop 1 floor!
  9203 | D:8      | Gained mutation: Your magical capacity is low. (-10% MP)
                  | [potion of mutation]
  9229 | D:8      | Reached skill level 10 in Armour
  9229 | D:8      | Reached XP level 11. HP: 32/87 MP: 13/16
  9272 | D:8      | You fall into a shaft and drop 1 floor!
  9272 | D:9      | Noticed a two-headed ogre
  9355 | D:9      | Mangled by a two-headed ogre

Illustrated notes

Levels and vault maps discovered:
D:1:      minmay_arrival_checkered_box, layout_loops_corners
D:2:      cheibrodos_fertilizer, layout_basic,
          shapermc_ecumenical_altar_mp_urbaneastern, basic_altar, uniq_robin,
          uniq_terence
D:3:      layout_basic, chequers_temple_overflow_minitemple,
          mainiacjoe_overflow_cross_hatched, minmay_fractal_squares_diagonal_5
D:4:      layout_basic, cheibrodos_sewer_entry_drain, gammafunk_ghost_split
D:5:      layout_gridville, kennysheep_generic_room_10
D:6:      layout_rooms, hex_medium, uniq_grinder
D:7:      layout_rooms, minmay_temple_entry_statues_fountains,
          chequers_serial_rivers_small_3, grunt_decor_arrowhead, uniq_harold
D:8:      layout_basic, dpeg_lair_monsters, grunt_decor_fettered,
          minmay_misc_feat_four_crosses
D:9:      layout_loops_ring, erik_orc_3, minmay_hedge_maze
Temple:   nicolae_temple_elliptical

Skill      XL: |  1  2  3  4  5  6  7  8  9 10 |
---------------+-------------------------------+-----
Invocations    | 1 2 3 4 6 9 |  9.0
Evocations     | 1 2 3 4 5 8 |  8.1
Armour         | 4 5 7 8 10 | 10.3
Maces & Flails | 1 2 3 4 7 |  7.3
Fighting       | 4 5 7 8 |  8.9
Long Blades    | |  0.1
Axes           | |  2.4
Shields        | |  3.8

Action                   |  1- 3 |  4- 6 |  7- 9 | 10-12 || total
-------------------------+-------+-------+-------+-------++-------
Melee: War axe           |    55 |   160 |   226 |    68 ||   509
       Falchion          |     3 |    44 |       |       ||    47
       Dagger            |       |       |    17 |       ||    17
Throw: Throwing net      |       |       |     1 |       ||     1
 Abil: Dig               |       |     6 |       |       ||     6
       Shaft Self        |       |       |       |     2 ||     2
Evoke: Wand              |       |       |     2 |     4 ||     6
  Use: Scroll            |     2 |     6 |     7 |       ||    15
       Potion            |       |     1 |     2 |     7 ||    10
 Stab: Paralysed         |       |       |    14 |       ||    14
Armor: Scale mail        |    22 |   142 |   150 |    24 ||   338
       Skin              |       |       |       |    10 ||    10
Dodge: Dodged            |    33 |   115 |   146 |    32 ||   326
       Repelled          |       |     1 |       |       ||     1
Block: Buckler           |    14 |    53 |    64 |    16 ||   147

Table legend: (Time is in decaauts)
 A = Elapsed time spent in this place.
 B = Non-inter-level travel time spent in this place.
 C = Inter-level travel time spent in this place.
 D = Time resting spent in this place.
 E = Time spent auto-exploring this place.
 F = Levels seen in this place.
 G = Mean time per level.
                   A        B        C        D        E       F      G
               +--------+--------+--------+--------+--------+-----+--------+
         Total |   9576 |   9376 |    200 |   2071 |   5160 |  11 |  870.5 |
       Dungeon |   8283 |   8095 |    188 |   1909 |   4349 |   9 |  920.3 |
        Temple |    376 |    364 |     12 |      0 |    328 |   1 |  376.0 |
         Sewer |    916 |    916 |      0 |    162 |    483 |   1 |  916.0 |
               +--------+--------+--------+--------+--------+-----+--------+

Top non-repeatable levels by time:
     D:4: 1527 daAuts
     D:6: 1196 daAuts
     D:1: 1147 daAuts
     D:3: 1127 daAuts
     D:5: 1066 daAuts
   Sewer: 916 daAuts
     D:7: 823 daAuts
     D:2: 715 daAuts
     D:8: 489 daAuts
  Temple: 376 daAuts
     D:9: 190 daAuts
